Map: Acid Plant LE

Players

SpeCial

  • Race: Terran Terran
  • Spawn Location: 5:00

Elazer - Winner!

  • Race: Zerg Zerg
  • Spawn Location: 11:00

Event: WCS Austin 2018

VOD

Have the link to the VOD?

Description

Time

  • Played on: June 1, 2018, 11:51 p.m.
  • Length: 7:00

All games in this series

Show
View Real Time Build Order
Export as new Build Order

SpeCial Terran 

Build Orders: Hellion Opening 

Get SALT Encoding   

  12  0:00  SCV  
  13  0:12  SCV  
  14  0:17  Supply Depot  
  14  0:24  SCV  
  15  0:29  Refinery  
  15  0:39  SCV  
  16  0:45  Barracks  
  16  0:51  SCV  
  17  1:03  SCV  
  18  1:15  SCV  
  21  1:32  Reaper  
  21  1:33  Orbital Command  
  20  1:44  Command Center  
  20  1:55  Factory  
  20  1:59  SCV  
  21  2:07  Barracks Reactor  
  21  2:11  SCV  
  21  2:13  Supply Depot  
  22  2:17  Refinery  
  22  2:23  SCV  
  23  2:35  SCV  
  24  2:43  Starport  
  24  2:50  SCV  
  29  2:51  Hellion x2  
  29  2:54  Marine  
  30  3:00  Orbital Command  
  30  3:03  SCV  
  31  3:15  SCV  
  31  3:19  Hellion x2  
  36  3:21  Medivac  
  38  3:27  SCV x2  
  38  3:29  Barracks Tech Lab  
  40  3:36  Supply Depot  
  40  3:39  SCV x2  
  42  3:44  Hellion  
  42  3:46  Hellion  
  46  3:50  Stimpack  
  46  3:55  Starport Tech Lab  
  46  3:58  SCV x2  
  48  4:04  Supply Depot  
  48  4:10  SCV x2  
  49  4:17  Raven  
  49  4:23  Marine  
  52  4:25  SCV x2  
  52  4:27  Command Center  
  54  4:37  SCV x2  
  56  4:39  Barracks  
  56  4:41  Marine  
  56  4:44  Factory Reactor  
  57  4:45  Barracks  
  57  4:49  SCV x2  
  57  4:50  Supply Depot  
  59  4:59  Marine  
  58  5:01  SCV  
  58  5:02  SCV  
  60  5:07  Engineering Bay  
  60  5:08  Engineering Bay  
  60  5:14  SCV  
  61  5:17  Marine  
  61  5:20  SCV  
  63  5:22  Refinery x2  
  63  5:26  SCV  
  64  5:30  Factory Tech Lab  
  64  5:31  Bunker  
  64  5:34  Marine  
  64  5:35  Bunker  
  65  5:36  Bunker  
  65  5:40  Marine x2  
  67  5:45  Orbital Command  
  67  5:52  Starport Reactor  
  67  5:53  Marauder, Siege Tank  
  71  5:57  Marine x2  
  71  5:58  Marine  
  58  6:13  Marine  
  58  6:14  Marauder  
  58  6:18  Marine  
  43  6:25  SCV  
  33  6:31  Marine  
  25  6:33  Marine  
  25  6:36  Marauder  
  25  6:39  SCV x3  
Show
View Real Time Build Order
Export as new Build Order

Elazer Zerg - Winner!

Build Orders: Hatch First 

Get SALT Encoding   

  12  0:00  Drone  
  13  0:13  Overlord  
  13  0:18  Drone  
  14  0:31  Drone x2  
  16  0:48  Hatchery  
  15  0:51  Drone  
  15  0:55  Drone  
  17  0:58  Drone  
  18  1:09  Extractor  
  17  1:13  Spawning Pool  
  17  1:17  Drone  
  17  1:20  Drone  
  18  1:28  Drone  
  19  1:39  Drone  
  20  1:50  Drone  
  21  1:59  Queen  
  21  2:00  Queen  
  21  2:01  Zergling x4  
  27  2:15  Hatchery  
  26  2:18  Overlord  
  26  2:22  Drone  
  27  2:24  Drone  
  28  2:39  Metabolic Boost  
  28  2:41  Drone, Queen  
  28  2:44  Drone  
  32  2:46  Drone  
  33  2:53  Overlord  
  33  2:54  Drone  
  33  2:56  Drone  
  35  2:59  Drone  
  36  3:13  Drone  
  36  3:14  Drone x4  
  41  3:22  Drone  
  41  3:24  Overlord, Queen  
  44  3:27  Queen  
  44  3:30  Drone  
  44  3:32  Drone  
  48  3:39  Zergling x4  
  50  3:44  Roach Warren  
  50  3:46  Zergling x4  
  50  3:48  Drone x2  
  53  3:53  Drone x2  
  55  3:56  Lair  
  55  3:58  Extractor  
  55  3:59  Extractor  
  55  4:00  Drone x2  
  55  4:03  Drone  
  55  4:04  Drone  
  55  4:08  Drone  
  58  4:10  Overlord  
  57  4:24  Pneumatized Carapace  
  57  4:25  Overlord  
  57  4:31  Roach x2  
  61  4:36  Roach x2  
  65  4:39  Overlord x2  
  65  4:44  Roach x3  
  71  4:51  Roach  
  73  4:58  Overlord  
  72  5:02  Roach x2  
  72  5:03  Roach  
  72  5:04  Roach  
  72  5:05  Zergling x2  
  72  5:06  Zergling x12  
  87  5:14  Zergling x4  
  87  5:18  Overlord  
  89  5:22  Ravager  
  89  5:23  Zergling x12  
  96  5:29  Overlord  
  96  5:31  Ravager  
  96  5:35  Ravager  
  98  5:40  Overlord  
  98  5:41  Zergling x10  
  102  5:45  Overlord  
  101  5:55  Ravager x2  
  103  6:00  Zergling x2  
  103  6:01  Zergling x16  
  103  6:02  Ravager  
  102  6:13  Zergling x2  
  102  6:14  Zergling x4  
  102  6:17  Zergling x2  
  102  6:18  Zergling x2  
  94  6:22  Zergling x2  
  80  6:29  Zergling x2  
  80  6:32  Zergling x4  
  73  6:36  Evolution Chamber  
  73  6:37  Evolution Chamber  
  73  6:39  Drone x3  
Tags
 
Add a new tag
Caveats
  • Supply blocks, unpowered buildings, or Contaminate may cause inaccurate times.
  • Supply counts are checked every 10 seconds.